 Dungeon Crawl Stone Soup version 0.32-a0-86-g8db1b9f803 (webtiles) character file.

Game seed: 10442927359625026090

52 Ceno the Digger (level 3, -1/18 HPs)
             Began as a Vine Stalker Earth Elementalist on Feb 6, 2024.
             Slain by a gnoll
             ... wielding a +0 flail
              (8 damage)
             ... on level 2 of the Dungeon.
             The game lasted 00:04:03 (1160 turns).

Ceno the Digger (Vine Stalker Earth Elementalist)   Turns: 1160, Time: 00:04:03

Health: -1/18      AC:  3    Str: 10    XL:     3   Next: 85%
Magic:  0/8        EV: 12    Int: 15    God:
Gold:   88         SH:  0    Dex: 16    Spells: 0/7 levels left

rFire   . . .        a - +0 dagger
rCold   . . .        (no shield)
rNeg    . . .        g - +0 robe
rPois   .            l - +0 helmet
rElec   .            (no cloak)
rCorr   .            (no gloves)
SInv    .            (no boots)
Will    .....        (no amulet)
Stlth   ++           (no ring)
HPRegen 1.03/turn    (no ring)
MPRegen 0.11/turn

%: guardian spirit
@: no status effects
A: fangs 2, regeneration 1, magic shield, antimagic bite, no potion heal 2
a: no special abilities


You were on level 2 of the Dungeon.
You visited 1 branch of the dungeon, and saw 2 of its levels.

You collected 88 gold pieces.

Inventory:

Hand Weapons
 a - a +0 dagger (weapon)
 b - a +0 short sword
Missiles
 f - 3 stones (quivered)
Armour
 g - a +0 robe (worn)
 l - a +0 helmet (worn)
Scrolls
 e - a scroll of torment {unknown}
 i - 2 scrolls of teleportation {unknown}
 j - 3 scrolls of identify {unknown}
Potions
 c - a potion of magic
 d - 2 potions of degeneration {unknown}
 h - a potion of berserk rage {unknown}
 k - a potion of attraction {unknown}


   Skills:
 + Level 1.2 Fighting
 - Level 1.5 Dodging
 + Level 3.3 Stealth
 + Level 2.7 Spellcasting
 - Level 1.0 Conjurations
 + Level 3.4 Earth Magic


You couldn't memorise any spells.
You knew the following spells:

 Your Spells              Type           Power      Damage    Failure   Level
a - Sandblast             Erth           24%        2d8       4%          1
b - Passwall              Erth           12%        N/A       14%         3
c - Stone Arrow           Conj/Erth      16%        3d8       24%         3

Your spell library contained the following spells:

 Spells                   Type           Power      Damage    Failure   Level
 Gell's Gravitas          Tloc           2%         N/A       52%         3
 Teleport Other           Tloc           2%         N/A       52%         3
 Brom's Barrelling Bould  Conj/Erth      8%         2d3       63%         4
 Petrify                  Alch/Erth      7%         N/A       69%         4
 Ignite Poison            Fire/Alch      2%         N/A       90%         4
 Sticky Flame             Fire/Alch      2%         2d4       90%         4
 Dispersal                Tloc           1%         N/A       100%        6
 Ignition                 Fire           1%         3d3       100%        8


Dungeon Overview and Level Annotations

Branches:
Dungeon (2/15)

Altars:

Shops:
D:1 *


Innate Abilities, Weirdness & Mutations

You have extremely sharp teeth.
Your natural rate of healing is unusually fast.
When hurt, damage is shared between your health and your magic reserves.
Your bite disrupts and absorbs the magic of your enemies.
Potions cannot restore your health.


Message History

The gnoll attacks as it pursues you!
The gnoll hits you from afar with a +0 spear.
The gnoll attacks as it pursues you! The gnoll completely misses you.
The gnoll attacks as it pursues you! The gnoll barely misses you.
The gnoll attacks as it pursues you!
The gnoll hits you from afar with a +0 spear.
The gnoll attacks as it pursues you! The gnoll closely misses you.
The gnoll hits you with a +0 spear.
You barely miss the gnoll.
The gnoll is almost dead.
The gnoll hits you with a +0 spear.
You hit the gnoll but do no damage.
The gnoll is almost dead.
The gnoll closely misses you.
You barely miss the gnoll.
The gnoll is almost dead.
The gnoll completely misses you.
You hit the gnoll. Your bite misses the gnoll.
The gnoll is almost dead.
The gnoll closely misses you.
You hit the gnoll.
You kill the gnoll!
You hit the ball python. Your bite misses the ball python.
The ball python is severely wounded.
The ball python bites you but does no damage.
The ball python closely misses you. The ball python barely misses you.
The ball python misses you.
You hit the ball python but do no damage.
You bite the ball python.
You kill the ball python!
The gnoll hits you from afar with a +0 spear.
You hit the gnoll. You punch the gnoll. You bite the gnoll.
You drain its power.
You feel invigorated.
The gnoll is heavily wounded.
The gnoll hits you from afar with a +0 spear.
The gnoll hits you with a +0 flail!
Ouch! That really hurt!
* * * LOW HITPOINT WARNING * * *
The gnoll attacks as it pursues you! The gnoll hits you with a +0 flail!
You die...

#####...####.........##
###...# ##.....).##
#...#.# ##...Sg##
#.###.#######S..## #.#
#.##.g.....##
#.###.###.##.####..###
#..<.)....##S# #.....#
#####.######.###...#.#
#......@.##.##......#
#.##^###g##.##......#
#.##......g.........####
#.######.##.............
#........######.....####
########## ###.### #)#
#.# ####.#####


You could see 2 gnolls.

Vanquished Creatures
  2 gnolls (D:2)
  2 endoplasms (D:1)
  A giant cockroach (D:2)
  3 hobgoblins
  3 quokkas
  4 ball pythons
  6 bats
  2 frilled lizards (D:1)
  6 goblins
  4 kobolds
  A rat (D:1)
34 creatures vanquished.

Notes
Turn   | Place    | Note
-------+----------+-------------------------------------------
     0 | D:1      | Ceno the Vine Stalker Earth Elementalist began the quest
                  | for the Orb.
     0 | D:1      | Reached XP level 1. HP: 9/9 MP: 4/4
    30 | D:1      | Found Ryennydo's Assorted Antiques.
   199 | D:1      | Reached XP level 2. HP: 14/14 MP: 4/6
   725 | D:2      | Reached XP level 3. HP: 17/17 MP: 5/7
   738 | D:2      | Learned a level 3 spell: Passwall
   742 | D:2      | Learned a level 3 spell: Stone Arrow
   802 | D:2      | Reached skill level 1 in Fighting
  1160 | D:2      | Slain by a gnoll

Illustrated notes

Levels and vault maps discovered:
D:1:      ncdulo_wetmaze, layout_basic, serial_shops, shop
D:2:      layout_loops_corners, minmay_misc_feat_pillars, dk_noncrumbling_4,
          minmay_tripent

Skill      XL: |  1  2  3 |
---------------+----------+-----
Stealth        | 3 |  3.3
Fighting       | 1 |  1.2
Dodging        | |  1.5
Spellcasting   | |  2.7
Conjurations   | |  1.0
Earth Magic    | |  3.4

Action                     || total
---------------------------++-------
  Melee: Short sword       ||    12
         Bite              ||    17
         Punch             ||     2
         Dagger            ||    58
   Cast: Sandblast         ||    18
   Stab: Sleeping          ||     8
 Armour: Robe              ||    49
  Dodge: Dodged            ||    53

Table legend: (Time is in decaauts)
 A = Elapsed time spent in this place.
 B = Non-inter-level travel time spent in this place.
 C = Inter-level travel time spent in this place.
 D = Time resting spent in this place.
 E = Time spent auto-exploring this place.
 F = Levels seen in this place.
 G = Mean time per level.
                   A        B        C        D        E       F      G
               +--------+--------+--------+--------+--------+-----+--------+
         Total |   1174 |   1174 |      0 |      0 |    800 |   2 |  587.0 |
       Dungeon |   1174 |   1174 |      0 |      0 |    800 |   2 |  587.0 |
               +--------+--------+--------+--------+--------+-----+--------+

Top non-repeatable levels by time:
     D:1: 698 daAuts
     D:2: 476 daAuts
